 Dungeon Crawl Stone Soup version 0.23-a0-241-g3b46b07 (webtiles) character file.

5406 namelastname112 the Jinx (level 10, -10/83 HPs)
             Began as a Yellow Draconian Wanderer on Sept 26, 2018.
             Was a Follower of Dithmenos.
             Mangled by a manticore (14 damage)
             ... on level 8 of the Dungeon.
             The game lasted 00:19:24 (9300 turns).

namelastname112 the Jinx (DrWn)                     Turns: 9300, Time: 00:19:24

Health: -10/83     AC: 12    Str: 13    XL:     10   Next: 40%
Magic:  7/26       EV: 15    Int: 15    God:    Dithmenos [*.....]
Gold:   229        SH:  5    Dex: 13    Spells: 8/19 levels left

rFire    . . .     SeeInvis .   c - +5 dagger (venom)
rCold    . . .     Gourm    .   (no shield)
rNeg     . . .     Faith    .   (armour unavailable)
rPois    .         Spirit   .   i - +2 hat
rElec    .         Reflect  +   (no cloak)
rCorr    +         Harm     .   (no gloves)
MR       .....                  u - +2 pair of boots {Stlth+}
Stlth    ++++++....             p - +5 amulet of reflection
HPRegen  0.23/turn              y - ring of stealth
MPRegen  0.20/turn              v - ring of magical power

@: short of breath, very slightly contaminated, wreathed by umbra
A: spit acid, acid resistance, unfitting armour, cold-blooded, AC +7
a: Breathe Acid, Renounce Religion


You were on level 8 of the Dungeon.
You worshipped Dithmenos.
Dithmenos was aware of your devotion.
You were near starving.

You visited 1 branch of the dungeon, and saw 8 of its levels.
You also visited: Sewer.

You collected 394 gold pieces.
You spent 165 gold pieces at shops.

Inventory:

Hand Weapons
 c - a +5 dagger of venom (weapon)
Missiles
 t - 3 throwing nets (quivered)
Armour
 i - a +2 hat (worn)
 u - a +2 pair of boots of stealth (worn)
 D - a +1 buckler
Jewellery
 p - a +5 amulet of reflection (around neck)
 s - an uncursed ring of positive energy
 v - a ring of magical power (right hand)
 y - a ring of stealth (left hand)
 B - the amulet of Jecoax {Faith rElec rC- Int+3}
   (You found it on level 7 of the Dungeon)

   [amulet of faith]

   It allows you to gain divine favour quickly.
   It affects your intelligence (+3).
   It makes you vulnerable to cold.
   It insulates you from electricity.
Wands
 r - a wand of paralysis (9)
 x - a wand of random effects (33)
 z - a wand of acid (4)
 A - a wand of disintegration (16)
Scrolls
 d - 5 scrolls of teleportation
 e - 4 scrolls of remove curse
 h - a scroll of amnesia
 j - a scroll of enchant weapon
 k - 6 scrolls of identify
 m - 2 scrolls of enchant armour
Potions
 a - 3 potions of curing
 b - 2 potions of resistance
 l - a potion of agility
 n - 3 potions of flight
 o - a potion of ambrosia {unknown}
 q - a potion of brilliance {unknown}
 C - a potion of cancellation {unknown}
Comestibles
 f - 11 rations


   Skills:
 + Level 6.3 Fighting
 + Level 6.6 Short Blades
 + Level 5.5 Dodging
 + Level 6.1 Stealth
 - Level 1.0 Shields
 + Level 5.2 Spellcasting
 + Level 8.0 Hexes


You had 8 spell levels left.
You knew the following spells:

 Your Spells              Type           Power        Failure   Level  Hunger
c - Dazzling Spray        Conj/Hex       ###...       10%         3    ###....
d - Tukima's Dance        Hex            ####....     1%          3    ###....
x - Confuse               Hex            ####....     1%          3    ###....
z - Ensorcelled Hibernat  Hex/Ice        ###...       4%          2    ##.....

Your spell library contained the following spells:

 Spells                   Type           Power        Failure   Level  Hunger
 Confusing Touch          Hex            ####..       1%          1    None
 Corona                   Hex            ####...      1%          1    None
 Shock                    Conj/Air       #...         16%         1    None
 Swiftness                Chrm/Air       #.......     24%         2    ##.....
 Gell's Gravitas          Tloc           #.........   43%         3    ###....
 Static Discharge         Conj/Air       #.......     43%         3    ###....
 Metabolic Englaciation   Hex/Ice        ###.......   65%         5    ######.
 Yara's Violent Unravell  Hex/Tmut       ###.......   65%         5    ######.
 Airstrike                Air            #.........   85%         4    ####...
 Petrify                  Tmut/Erth      #.......     85%         4    ####...
 Lightning Bolt           Conj/Air       #.........   99%         5    ######.


Dungeon Overview and Level Annotations

Branches:
Dungeon (8/15)             Temple (0/1) D:6
   Lair: D:8-11

Altars:
Ashenzari
Cheibriados
Dithmenos
Hepliaklqana
Kikubaaqudgha
Makhleb
Ru
Uskayaw
Vehumet
Wu Jian
Xom
Yredelemnul
The Shining One

Shops:
D:5 }[   D:8 }


Innate Abilities, Weirdness & Mutations

You can spit globs of acid.
You are resistant to acid.
Your golden yellow scales are hard. (AC +7)
You cannot fit into any form of body armour.
You are cold-blooded and may be slowed by cold attacks.


Message History

Casting: Confuse (safe; 1% risk of failure)
Confirm with . or Enter, or press ? or * to list all spells.
Aiming: Dazzling Spray (safe; 10% risk of failure)
Press: ? - help, Shift-Dir - straight line, f/p - manticore
Aim: a manticore (heavily wounded, covered in acid, umbra)
The spray of energy hits the manticore.
The manticore is severely wounded.
The manticore is dazzled.
You are near starving!
The manticore bites you!!
* * * LOW HITPOINT WARNING * * *
The manticore claws you but does no damage.
The manticore completely misses you.
You take 22 damage, and have 4/83 hp.
MASSIVE DAMAGE!!
You now have 7/26 mp.
You closely miss the manticore.
The manticore is severely wounded.
You barely miss the manticore.
The manticore is severely wounded.
The manticore bites you!
You die...

....#...#..#....#...#....#....#..
....#..##..#....#...#....##'###..
....#..##..######...#............
....#...#......##'###............
....#...#......#.................
....#...#......#.................
....#...#......#....(............
....'...#......#))...............
....############@)(.)....########
).....[.........H..).#####....'..
.....................#........#..
...[.)........(......#........#..
................(....#.###...###.
###....######)############...###.
..'....#...#...)........#........
..#....#...'............#........
###[...##.########.######'######'


You could see a manticore (blind).

Vanquished Creatures
  A tengu warrior (D:7)
  An unseen horror (D:8)
  Pikel (D:4)
  Psyche (D:8)
  A tengu conjurer (D:7)
  A hippogriff (D:7)
  Sigmund (D:6)
  Eustachio (D:6)
  5 black bears
  3 slaves
  2 ogres
  4 orc warriors
  A phantom (D:5)
  2 centaurs
  A big kobold (Sewer)
  A bullfrog (D:6)
  3 scorpions
  4 howler monkeys
  3 crimson imps
  A bullfrog zombie (D:7)
  A centaur zombie (D:7)
  4 hounds
  4 orc priests
  A centaur skeleton (D:8)
  An iguana (D:6)
  A jelly (D:5)
  A gnoll shaman (D:7)
  11 orc wizards
  Natasha (thrice) (D:2)
  Terence (D:2)
  4 worker ants
  A killer bee zombie (D:7)
  A hound zombie (D:5)
  3 gnolls (D:7)
  3 worker ant zombies
  6 adders
  2 river rats (Sewer)
  3 oozes
  2 worms (D:2)
  6 dart slugs
  7 leopard geckos
  38 orcs
  11 bats
  6 giant cockroaches
  9 goblins
  4 hobgoblins
  8 jackals
  5 kobolds
  3 quokkas
  A ball python (D:3)
  4 frilled lizards
  A jackal skeleton (D:5)
  A leopard gecko skeleton (D:4)
  2 quokka skeletons
  5 rats
202 creatures vanquished.

Vanquished Creatures (collateral kills)
  An orc (D:7)
1 creature vanquished.

Vanquished Creatures (others)
  A dancing weapon (D:7)
  An adder (D:4)
  A worm (D:4)
  A quokka (D:4)
4 creatures vanquished.

Grand Total: 207 creatures vanquished

Notes
Turn   | Place    | Note
-------+----------+-------------------------------------------
     0 | D:1      | namelastname112 the Draconian Wanderer began the quest for
                  | the Orb.
     0 | D:1      | namelastname112 set off with: a +0 short sword, a potion of
                  | lignification, a +0 dagger, a ration
     0 | D:1      | Reached XP level 1. HP: 14/14 MP: 1/1
    93 | D:1      | Reached XP level 2. HP: 13/22 MP: 2/2
   604 | D:1      | Reached skill level 1 in Fighting
   635 | D:1      | Learned a level 2 spell: Ensorcelled Hibernation
   879 | D:1      | Reached XP level 3. HP: 17/28 MP: 4/4
   976 | D:2      | Found a hide-covered altar of Uskayaw.
   981 | D:2      | Noticed a hand axe
   981 | D:2      | Noticed an enchanted dagger
   992 | D:2      | Became a worshipper of Uskayaw the Reveler
  1017 | D:2      | Reached * piety under Uskayaw
  1053 | D:2      | Reached skill level 1 in Spellcasting
  1106 | D:2      | Reached ** piety under Uskayaw
  1392 | D:2      | Reached skill level 3 in Hexes
  1392 | D:2      | Reached XP level 4. HP: 14/35 MP: 5/5
  1702 | D:2      | Found a burning altar of Makhleb.
  1728 | D:2      | Found a glowing golden altar of the Shining One.
  1809 | D:2      | Found an ornate altar of the Wu Jian Council.
  1809 | D:2      | Noticed Terence
  1835 | D:2      | Killed Terence
  2025 | D:2      | Noticed Natasha
  2035 | D:2      | Killed Natasha
  2086 | D:2      | Reached XP level 5. HP: 41/41 MP: 7/7
  2104 | D:2      | Learned a level 3 spell: Confuse
  2115 | D:2      | Found a faded altar of an unknown god.
  2272 | D:2      | Noticed Natasha
  2285 | D:2      | Killed Natasha
  2556 | D:2      | Noticed Natasha
  2561 | D:2      | Killed Natasha
  2767 | D:3      | Found a glowing drain.
  2796 | Sewer    | Entered a sewer
  2880 | Sewer    | Reached XP level 6. HP: 33/48 MP: 8/8
  2975 | Sewer    | Found a white marble altar of Elyvilon.
  3096 | D:3      | Found a snail-covered altar of Cheibriados.
  3315 | D:4      | Noticed a slave
  3315 | D:4      | Noticed a slave
  3315 | D:4      | Noticed a slave
  3315 | D:4      | Noticed a slave
  3316 | D:4      | Noticed Pikel
  3334 | D:4      | Killed a slave
  3350 | D:3      | Killed a slave
  3558 | D:4      | Killed a slave
  3571 | D:4      | Killed Pikel
  3571 | D:4      | Reached skill level 4 in Hexes
  3571 | D:4      | Your scales start taking on a golden yellow colour.
  3571 | D:4      | Reached XP level 7. HP: 23/57 MP: 2/11
  3571 | D:4      | Reached *** piety under Uskayaw
  3799 | D:4      | Reached skill level 5 in Hexes
  3880 | D:4      | Found a shattered altar of Ashenzari.
  3971 | D:4      | Reached XP level 8. HP: 63/63 MP: 12/12
  4374 | D:5      | Entered Level 5 of the Dungeon
  4410 | D:5      | Reached **** piety under Uskayaw
  4765 | D:5      | Found Foloof's Gadget Boutique.
  5015 | D:5      | Reached skill level 5 in Short Blades
  5041 | D:5      | Found Waituxerith's Antique Armour Shop.
  5049 | D:5      | Bought a pair of embroidered boots for 165 gold pieces
  5200 | D:5      | Found a basalt altar of Yredelemnul.
  5201 | D:5      | Found a shadowy altar of Dithmenos.
  5201 | D:5      | Found a hazy altar of Hepliaklqana.
  5202 | D:5      | Found a sacrificial altar of Ru.
  5236 | D:5      | Fell from the grace of Uskayaw
  5236 | D:5      | Became a worshipper of Dithmenos the Shadowed
  5572 | D:6      | Reached skill level 6 in Hexes
  5674 | D:6      | Noticed Sigmund
  5690 | D:6      | Killed Sigmund
  5690 | D:6      | epen: ??wrath unkhonw
  5690 | D:6      | beem: I don't have a page labeled wrath_unkhonw in my
                  | learndb.
  5690 | D:6      | Reached XP level 9. HP: 72/72 MP: 11/14
  5698 | D:6      | Learned a level 3 spell: Dazzling Spray
  5708 | D:6      | epen: ??wrath uskaya
  5708 | D:6      | beem: I don't have a page labeled wrath_uskaya in my
                  | learndb.
  5712 | D:6      | Learned a level 3 spell: Tukima's Dance
  5715 | D:6      | Found a shimmering altar of Xom.
  5718 | D:6      | epen: ??wrath uskaua
  5723 | D:6      | beem: I don't have a page labeled wrath_uskaua in my
                  | learndb.
  5812 | D:6      | Noticed Eustachio
  5827 | D:6      | Killed Eustachio
  5883 | D:6      | Found a staircase to the Ecumenical Temple.
  5938 | D:6      | Reached skill level 5 in Stealth
  6067 | D:6      | epen: ??wrath Uskayaw
  6068 | D:6      | beem: I don't have a page labeled wrath_Uskayaw in my
                  | learndb.
  6106 | D:7      | epen: ??wrath Uskayaw
  6106 | D:7      | beem: I don't have a page labeled wrath_Uskayaw in my
                  | learndb.
  6118 | D:7      | Reached skill level 5 in Fighting
  6619 | D:7      | Reached * piety under Dithmenos
  6689 | D:7      | Reached skill level 7 in Hexes
  7110 | D:7      | Got a steaming brass amulet
  7236 | D:7      | Identified the amulet of Jecoax {Faith rElec rC- Int+3}
                  | (You found it on level 7 of the Dungeon)
  7300 | D:8      | Found Gaiqanty's Gadget Shoppe.
  7304 | D:8      | Noticed a tengu conjurer
  7308 | D:8      | Noticed a tengu warrior
  7391 | D:7      | Killed a tengu conjurer
  7422 | D:7      | Killed a tengu warrior
  7422 | D:7      | Reached skill level 5 in Dodging
  7422 | D:7      | Reached XP level 10. HP: 19/83 MP: 13/17
  7784 | D:8      | Noticed Psyche
  7803 | D:8      | Killed Psyche
  7845 | D:8      | Found an ancient bone altar of Kikubaaqudgha.
  7919 | D:8      | Found a radiant altar of Vehumet.
  8392 | D:8      | Reached skill level 5 in Spellcasting
  8399 | D:8      | Killed an unseen horror
  8493 | D:8      | Reached skill level 8 in Hexes
  9260 | D:8      | Identified a scroll of acquirement
  9285 | D:8      | Noticed a manticore
  9298 | D:8      | HP: 4/83 [manticore (22)]
  9300 | D:8      | Mangled by a manticore

Vault maps used:
D:1:      dpeg_arrival_pond
D:2:      lemuel_crystal_altar, dancing_weapons_uskayaw, lemuel_crystal_altar,
          lemuel_round_altar, chequers_ecumenical_altar_twisty, uniq_terence,
          uniq_natasha
D:3:      overflow_temple_1_default, gup_sewer_entry_glass,
          hangedman_feature_mirror, moated_statue
D:4:      cheibrodos_ashenzari_chains, minmay_misc_feat_plants, uniq_pikel
D:5:      chequers_temple_overflow_statue_of_worship, first_ration,
          serial_shops, nicolae_shop_trees, shop
D:6:      overflow_temple_1_default, minmay_temple_entry_glassed_door,
          uniq_sigmund, uniq_eustachio
D:8:      kennysheep_mini, lemuel_doored_altar, serial_shops, shop_fountains,
          grunt_ogre_cave, uniq_psyche
Sewer:    sewer_kobolds

Skill      XL: |  1  2  3  4  5  6  7  8  9 10 |
---------------+-------------------------------+-----
Stealth        | 2 3 4 5 6 |  6.1
Fighting       | 1 2 3 4 5 6 |  6.3
Spellcasting   | 1 2 3 4 5 |  5.2
Hexes          | 3 4 5 6 7 8 |  8.0
Dodging        | 2 3 4 5 |  5.5
Short Blades   | 4 5 6 |  6.6
Shields        | |  1.0

Action                   |  1- 3 |  4- 6 |  7- 9 | 10-12 || total
-------------------------+-------+-------+-------+-------++-------
Melee: Short sword       |   146 |       |       |       ||   146
       Tailslap          |    12 |    12 |    59 |    16 ||    99
       Unarmed           |    19 |     7 |       |       ||    26
       Dagger            |       |   146 |   334 |   109 ||   589
 Cast: Ensorcelled Hiber |     5 |     5 |     3 |     4 ||    17
       Confuse           |       |     3 |    16 |     9 ||    28
       Tukima's Dance    |       |       |     7 |     4 ||    11
       Dazzling Spray    |       |       |       |     4 ||     4
 Abil: Breathe Acid      |       |       |     2 |     1 ||     3
  Use: Potion            |     5 |       |       |     2 ||     7
       Scroll            |       |     9 |       |     4 ||    13
 Stab: Sleeping          |     8 |     7 |    12 |       ||    27
       Confused          |       |     2 |     5 |     2 ||     9
       Paralysed         |       |       |     4 |       ||     4
  Eat: Chunk             |     2 |     5 |    14 |     7 ||    28
       Ration            |       |     1 |       |       ||     1
Armor: Skin              |    82 |    49 |    78 |    44 ||   253
Dodge: Dodged            |   126 |    86 |   137 |    66 ||   415
Block: Other             |       |       |    48 |    25 ||    73
       Reflection        |       |       |     1 |     1 ||     2

Table legend:
 A = Non-vault XP
 B = Vault XP
 C = Vault XP percentage of total XP
 D = Non-vault monster count
 E = Vault monster count
 F = Vault count percentage of total count
                 A         B        C        D         E       F
            +---------+---------+-------+---------+---------+-------
      Total |    5893 |    1830 |  23.7 |     177 |      23 |  11.5
            +---------+---------+-------+---------+---------+-------
        D:1 |      45 |       0 |   0.0 |      23 |       0 |   0.0
        D:2 |     151 |      72 |  32.3 |      29 |       2 |   6.5
        D:3 |      12 |      33 |  73.3 |       6 |       5 |  45.5
        D:4 |     389 |     697 |  64.2 |      15 |       1 |   6.2
        D:5 |     759 |       0 |   0.0 |      36 |       0 |   0.0
        D:6 |     703 |     405 |  36.6 |      14 |       2 |  12.5
        D:7 |    2265 |       0 |   0.0 |      23 |       0 |   0.0
        D:8 |    1569 |     494 |  23.9 |      31 |       2 |   6.1
      Sewer |       0 |     129 | 100.0 |       0 |      11 | 100.0
            +---------+---------+-------+---------+---------+-------
